TOP OF THE 1ST |
Coweta HS Tigers batting - Pitching for H.H. Dow HS Chargers : LHP Álex Domínguez
|
Pitching: LHP Álex Domínguez
|
|
Batting: LHB Clarence Sargent
|
0-0: Called Strike 0-1: Foul Ball, location: 2F 0-2: Ball 1-2: Foul Ball, location: 2F 1-2: Ball 2-2: Ball 3-2: Ground out 4-3 (Groundball, 4)
|
Batting: LHB Carlos Aponte
|
0-0: Ball 1-0: Ball 2-0: Ball 3-0: Called Strike 3-1: Ground out U3 (Groundball, 3)
|
Batting: RHB Javier Escalante
|
0-0: Called Strike 0-1: Foul Ball, location: 2F 0-2: Ball 1-2: Strikes out looking
|
Top of the 1st over - 0 runs, 0 hits, 0 errors, 0 left on base; Coweta HS 0 - H.H. Dow HS 0 |
BOTTOM OF THE 1ST |
H.H. Dow HS Chargers batting - Pitching for Coweta HS Tigers : RHP Dave Valdés
|
Pitching: RHP Dave Valdés
|
|
Batting: SHB Bob Erwin
|
0-0: Called Strike 0-1: Ball 1-1: Ball 2-1: Ball 3-1: Foul Ball, location: 2F 3-2: Foul Ball, location: 2F 3-2: Base on Balls
|
Batting: RHB Daniel Webb
|
0-0: Ball 1-0: Ball 2-0: Ball 3-0: Called Strike 3-1: Swinging Strike 3-2: Strikes out swinging
|
Batting: RHB Don Bailey
|
0-0: Ball Bob Erwin steals 2nd base 1-0: Foul Ball, location: 2F 1-1: Foul Ball, location: 2F 1-2: Ball 2-2: Strikes out swinging
|
Batting: LHB César Martínez
|
0-0: Called Strike 0-1: Ball 1-1: Swinging Strike 1-2: Foul Ball, location: 2F 1-2: Strikes out looking
|
Bottom of the 1st over - 0 runs, 0 hits, 0 errors, 1 left on base; Coweta HS 0 - H.H. Dow HS 0 |
TOP OF THE 2ND |
Coweta HS Tigers batting - Pitching for H.H. Dow HS Chargers : LHP Álex Domínguez
|
Batting: SHB Juan Mercado
|
0-0: Ball 1-0: Ball 2-0: Ball 3-0: Called Strike 3-1: Base on Balls
|
Batting: LHB Matt Taylor
|
0-0: Foul Ball, location: 2F 0-1: Called Strike 0-2: Ball 1-2: Ball 2-2: Ball 3-2: Base on Balls Juan Mercado to second
|
Batting: RHB José Avilés
|
0-0: Ball Passed Ball! Juan Mercado to third Matt Taylor to second 1-0: Ball 2-0: Foul Ball, location: 2F 2-1: Ball 3-1: Ground out 6-3 (Groundball, 6) Juan Mercado scores
|
Batting: LHB Edward Cook
|
0-0: Called Strike 0-1: Foul Ball, location: 2F 0-2: Ball 1-2: Fly out, F8 (Flyball, 8LS)
|
Batting: RHB Kevin Harrington
|
0-0: Called Strike 0-1: Ball 1-1: Foul Ball, location: 2F 1-2: Ball 2-2: Ground out 4-3 (Groundball, 4)
|
Top of the 2nd over - 1 run, 0 hits, 0 errors, 1 left on base; Coweta HS 1 - H.H. Dow HS 0 |
BOTTOM OF THE 2ND |
H.H. Dow HS Chargers batting - Pitching for Coweta HS Tigers : RHP Dave Valdés
|
Batting: RHB Dave Carter
|
0-0: DOUBLE (Flyball, 89D)
|
Batting: RHB Edward Baker
|
0-0: Ball 1-0: Ball 2-0: Foul Ball, location: 2F 2-1: Foul Ball, location: 2F 2-2: Strikes out swinging
|
Batting: SHB Pete Thomas
|
0-0: Ball 1-0: Foul Ball, location: 2F 1-1: Called Strike 1-2: Foul Ball, location: 2F 1-2: Ball 2-2: Strikes out swinging
|
Batting: SHB Rudy Cox
|
0-0: Ball 1-0: Foul Ball, location: 2F 1-1: Swinging Strike 1-2: Ball 2-2: Strikes out swinging
|
Bottom of the 2nd over - 0 runs, 1 hit, 0 errors, 1 left on base; Coweta HS 1 - H.H. Dow HS 0 |
TOP OF THE 3RD |
Coweta HS Tigers batting - Pitching for H.H. Dow HS Chargers : LHP Álex Domínguez
|
Batting: RHB Antony Jutras
|
0-0: SINGLE (Line Drive, 34D)
|
Batting: LHB Clarence Sargent
|
0-0: Ball 1-0: Foul Ball, location: 2F 1-1: Foul Ball, location: 2F 1-2: Ball 2-2: Ball 3-2: DOUBLE (Line Drive, 78D) Antony Jutras to third Runner from 3rd tries for Home, SAFE, no throw
|
Batting: LHB Carlos Aponte
|
0-0: Ball 1-0: Ball Wild Pitch! Clarence Sargent to third 2-0: Ball 3-0: Foul Ball, location: 2F 3-1: Called Strike 3-2: Strikes out swinging
|
Batting: RHB Javier Escalante
|
0-0: Called Strike 0-1: Swinging Strike 0-2: Ball 1-2: Strikes out swinging
|
Batting: SHB Juan Mercado
|
0-0: Ball 1-0: Foul Ball, location: 2F 1-1: Ground out U3 (Groundball, 3)
|
Top of the 3rd over - 1 run, 2 hits, 0 errors, 1 left on base; Coweta HS 2 - H.H. Dow HS 0 |
BOTTOM OF THE 3RD |
H.H. Dow HS Chargers batting - Pitching for Coweta HS Tigers : RHP Dave Valdés
|
Batting: RHB Dave Jackson
|
0-0: Foul Ball, location: 2F 0-1: TRIPLE (Flyball, 9LD)
|
Pinch Runner at 3rd Samuel Benoit:
|
|
Batting: SHB Bob Erwin
|
0-0: Swinging Strike 0-1: Called Strike 0-2: Strikes out swinging
|
Batting: RHB Daniel Webb
|
0-0: Fly out, F7 (Flyball, 7LS) Runner from 3rd tags up, SCORES, no throw
|
Batting: RHB Don Bailey
|
0-0: Called Strike 0-1: Ball 1-1: Foul Ball, location: 2F 1-2: Ball 2-2: Foul Ball, location: 2F 2-2: Strikes out swinging
|
Bottom of the 3rd over - 1 run, 1 hit, 0 errors, 0 left on base; Coweta HS 2 - H.H. Dow HS 1 |
TOP OF THE 4TH |
Coweta HS Tigers batting - Pitching for H.H. Dow HS Chargers : LHP Álex Domínguez
|
Now in LF: Samuel Benoit
|
|
Batting: LHB Matt Taylor
|
0-0: Ball 1-0: Swinging Strike 1-1: Foul Ball, location: 2F 1-2: Strikes out looking
|
Batting: RHB José Avilés
|
0-0: Ball 1-0: DOUBLE (Flyball, 78D)
|
Batting: LHB Edward Cook
|
0-0: Foul Ball, location: 2F 0-1: Ball 1-1: Swinging Strike 1-2: Foul Ball, location: 2F 1-2: Strikes out swinging
|
Batting: RHB Kevin Harrington
|
0-0: Called Strike 0-1: Ball 1-1: Ball 2-1: Ball 3-1: Foul Ball, location: 2F 3-2: Base on Balls
|
Batting: RHB Antony Jutras
|
0-0: Ball 1-0: Fielders Choice at 2nd, 5-4 (Groundball, 56)
|
Top of the 4th over - 0 runs, 1 hit, 0 errors, 2 left on base; Coweta HS 2 - H.H. Dow HS 1 |
BOTTOM OF THE 4TH |
H.H. Dow HS Chargers batting - Pitching for Coweta HS Tigers : RHP Dave Valdés
|
Batting: LHB César Martínez
|
0-0: Called Strike 0-1: Swinging Strike 0-2: Ball 1-2: SINGLE (Groundball, 34S) (infield hit)
|
Batting: RHB Dave Carter
|
0-0: SINGLE (Flyball, 9S) César Martínez to second
|
Batting: RHB Edward Baker
|
0-0: Ball 1-0: Ball 2-0: Ball 3-0: Called Strike 3-1: Called Strike 3-2: Strikes out swinging
|
Batting: SHB Pete Thomas
|
0-0: Swinging Strike 0-1: Ball 1-1: Ball 2-1: Swinging Strike 2-2: SINGLE (Line Drive, 4M) César Martínez to third Dave Carter to second
|
Batting: SHB Rudy Cox
|
0-0: Ball 1-0: Ball 2-0: Ball 3-0: Called Strike 3-1: Foul Ball, location: 2F 3-2: Strikes out swinging
|
Batting: RHB Samuel Benoit
|
0-0: SINGLE (Groundball, 6D) César Martínez scores Dave Carter to third Pete Thomas to second Runner from 3rd tries for Home, SAFE, no throw
|
Batting: SHB Bob Erwin
|
0-0: Ball 1-0: Ball 2-0: Fly out, F7 (Line Drive, 78D)
|
Bottom of the 4th over - 2 runs, 4 hits, 0 errors, 2 left on base; Coweta HS 2 - H.H. Dow HS 3 |
TOP OF THE 5TH |
Coweta HS Tigers batting - Pitching for H.H. Dow HS Chargers : LHP Álex Domínguez
|
Pitching: RHP Jeremy Wilson
|
|
Batting: LHB Clarence Sargent
|
0-0: DOUBLE (Line Drive, 78XD)
|
Batting: LHB Carlos Aponte
|
0-0: Ball 1-0: Ground out 4-3 (Groundball, 4) Clarence Sargent to third
|
Batting: RHB Javier Escalante
|
0-0: Ball 1-0: Foul Ball, location: 2F 1-1: Swinging Strike 1-2: SINGLE (Line Drive, 89S) Clarence Sargent scores
|
Batting: SHB Juan Mercado
|
0-0: Ball 1-0: Called Strike 1-1: Swinging Strike 1-2: Ball 2-2: Ball 3-2: Foul Ball, location: 2F 3-2: Fielders Choice at 2nd, 1-6 (Groundball, P)
|
Batting: LHB Matt Taylor
|
0-0: Ball 1-0: Called Strike 1-1: Foul Ball, location: 2F 1-2: Ball 2-2: Ball 3-2: Base on Balls Juan Mercado to second
|
Batting: RHB José Avilés
|
0-0: Ball 1-0: Called Strike 1-1: Ball 2-1: Ball 3-1: DOUBLE (Line Drive, 89M) Juan Mercado scores Matt Taylor to third Runner from 3rd tries for Home, SAFE, no throw
|
Batting: LHB Edward Cook
|
0-0: Ground out 4-3 (Groundball, 4)
|
Top of the 5th over - 3 runs, 3 hits, 0 errors, 1 left on base; Coweta HS 5 - H.H. Dow HS 3 |
BOTTOM OF THE 5TH |
H.H. Dow HS Chargers batting - Pitching for Coweta HS Tigers : RHP Dave Valdés
|
Batting: RHB Daniel Webb
|
0-0: SINGLE (Groundball, 3D)
|
Batting: RHB Don Bailey
|
0-0: Ball 1-0: Foul Ball, location: 2F 1-1: Foul Ball, location: 2F 1-2: Strikes out swinging
|
Pitching: RHP Corey Wyatt
|
|
Batting: LHB César Martínez
|
0-0: Ball 1-0: Foul Ball, location: 2F 1-1: Ball 2-1: Ball 3-1: SINGLE (Flyball, 8LS) Daniel Webb to second
|
Batting: RHB Dave Carter
|
0-0: Ground out 4-3 (Groundball, 4S) Daniel Webb to third César Martínez to second
|
Batting: RHB Edward Baker
|
0-0: Ball 1-0: Foul Ball, location: 2F 1-1: Ball 2-1: Fly out, F7 (Flyball, 7S)
|
Bottom of the 5th over - 0 runs, 2 hits, 0 errors, 2 left on base; Coweta HS 5 - H.H. Dow HS 3 |
TOP OF THE 6TH |
Coweta HS Tigers batting - Pitching for H.H. Dow HS Chargers : RHP Jeremy Wilson
|
Pitching: RHP Henry Brown
|
|
Batting: RHB Kevin Harrington
|
0-0: SINGLE (Line Drive, 7LM)
|
Batting: RHB Antony Jutras
|
0-0: Called Strike 0-1: Foul Ball, location: 2F 0-2: Foul Ball, location: 2F 0-2: Ball 1-2: Ball 2-2: Strikes out swinging
|
Batting: LHB Clarence Sargent
|
0-0: Ball 1-0: Fly out, F9 (Flyball, 9LM)
|
Batting: LHB Carlos Aponte
|
0-0: Ball 1-0: Ball 2-0: Ball 3-0: Called Strike 3-1: 2-RUN HOME RUN (Flyball, 9LD), Distance : 343 ft
|
Pitching: RHP Alan Battle
|
|
Batting: RHB Javier Escalante
|
0-0: Ball 1-0: Ball 2-0: Fly out, F8 (Flyball, 8RD)
|
Top of the 6th over - 2 runs, 2 hits, 0 errors, 0 left on base; Coweta HS 7 - H.H. Dow HS 3 |
BOTTOM OF THE 6TH |
H.H. Dow HS Chargers batting - Pitching for Coweta HS Tigers : RHP Corey Wyatt
|
Batting: SHB Pete Thomas
|
0-0: Fly out, F8 (Flyball, 78D)
|
Batting: SHB Rudy Cox
|
0-0: Foul Ball, location: 2F 0-1: Fly out, F7 (Line Drive, 7)
|
Batting: RHB Samuel Benoit
|
0-0: Ball 1-0: Ball 2-0: Ball 3-0: Base on Balls
|
Batting: SHB Bob Erwin
|
0-0: Ball 1-0: Swinging Strike 1-1: Foul Ball, location: 2F 1-2: Foul Ball, location: 2F 1-2: Strikes out swinging, 2-3 out at first.
|
Bottom of the 6th over - 0 runs, 0 hits, 0 errors, 1 left on base; Coweta HS 7 - H.H. Dow HS 3 |
TOP OF THE 7TH |
Coweta HS Tigers batting - Pitching for H.H. Dow HS Chargers : RHP Alan Battle
|
Batting: SHB Juan Mercado
|
0-0: Swinging Strike 0-1: Ground out 4-3 (Groundball, 34)
|
Batting: LHB Matt Taylor
|
0-0: Ball 1-0: Called Strike 1-1: Fly out, F5 (Popup, 5S)
|
Batting: RHB José Avilés
|
0-0: Called Strike 0-1: Ball 1-1: Ball 2-1: Swinging Strike 2-2: Ball 3-2: Strikes out swinging
|
Top of the 7th over - 0 runs, 0 hits, 0 errors, 0 left on base; Coweta HS 7 - H.H. Dow HS 3 |
BOTTOM OF THE 7TH |
H.H. Dow HS Chargers batting - Pitching for Coweta HS Tigers : RHP Corey Wyatt
|
Batting: RHB Daniel Webb
|
0-0: Called Strike 0-1: Foul Ball, location: 2F 0-2: Ball 1-2: Foul Ball, location: 2F 1-2: Ball 2-2: Ball 3-2: Foul Ball, location: 2F 3-2: Foul Ball, location: 2F 3-2: Fly out, F9 (Flyball, 9D)
|
Batting: RHB Don Bailey
|
0-0: Called Strike 0-1: Ball 1-1: Ball 2-1: Ball 3-1: Foul Ball, location: 2F 3-2: SINGLE (Line Drive, 7S)
|
Batting: LHB César Martínez
|
0-0: Called Strike 0-1: Ball 1-1: Swinging Strike 1-2: Ball 2-2: Strikes out looking
|
Batting: RHB Dave Carter
|
0-0: Called Strike 0-1: Swinging Strike 0-2: Foul Ball, location: 2F 0-2: Strikes out looking
|
Bottom of the 7th over - 0 runs, 1 hit, 0 errors, 1 left on base; Coweta HS 7 - H.H. Dow HS 3 |
TOP OF THE 8TH |
Coweta HS Tigers batting - Pitching for H.H. Dow HS Chargers : RHP Alan Battle
|
Batting: LHB Edward Cook
|
0-0: Foul Ball, location: 2F 0-1: Swinging Strike 0-2: Fly out, F8 (Flyball, 8LM)
|
Batting: RHB Kevin Harrington
|
0-0: Ball 1-0: Foul Ball, location: 2F 1-1: Called Strike 1-2: Strikes out swinging
|
Batting: RHB Antony Jutras
|
0-0: Ball 1-0: Ball 2-0: Ball 3-0: Base on Balls
|
Batting: LHB Clarence Sargent
|
0-0: Ball 1-0: Ball 2-0: Called Strike 2-1: SINGLE (Line Drive, 4D) Antony Jutras to second Runner from 2nd tries for 3rd, SAFE, no throw
|
Batting: LHB Carlos Aponte
|
0-0: Ball 1-0: Ball 2-0: SINGLE (Line Drive, 89S) Antony Jutras scores Clarence Sargent to second Runner from 2nd tries for 3rd, SAFE, no throw
|
Batting: RHB Javier Escalante
|
0-0: Foul Ball, location: 2F 0-1: Ball 1-1: Fielders Choice at 2nd, 6-4 (Groundball, 6)
|
Top of the 8th over - 1 run, 2 hits, 0 errors, 2 left on base; Coweta HS 8 - H.H. Dow HS 3 |
BOTTOM OF THE 8TH |
H.H. Dow HS Chargers batting - Pitching for Coweta HS Tigers : RHP Corey Wyatt
|
Batting: RHB Edward Baker
|
0-0: Ball 1-0: Called Strike 1-1: Fly out, F7 (Flyball, 7LMF)
|
Batting: SHB Pete Thomas
|
0-0: Ball 1-0: Foul Ball, location: 2F 1-1: Swinging Strike 1-2: Ball 2-2: DOUBLE (Line Drive, 78S)
|
Batting: SHB Rudy Cox
|
0-0: Ball 1-0: Called Strike 1-1: Foul Ball, location: 2F 1-2: Ball 2-2: Fly out, F4 (Line Drive, 4)
|
Pitching: RHP Mike Kelly
|
|
Batting: RHB Samuel Benoit
|
0-0: Foul Ball, location: 2F 0-1: Ground out 3-1 (Groundball, 34S)
|
Bottom of the 8th over - 0 runs, 1 hit, 0 errors, 1 left on base; Coweta HS 8 - H.H. Dow HS 3 |
TOP OF THE 9TH |
Coweta HS Tigers batting - Pitching for H.H. Dow HS Chargers : RHP Alan Battle
|
Batting: SHB Juan Mercado
|
0-0: Ball 1-0: Ball 2-0: Ball 3-0: Base on Balls
|
Batting: LHB Matt Taylor
|
0-0: Called Strike 0-1: Ball 1-1: Called Strike 1-2: Foul Ball, location: 2F 1-2: Foul Ball, location: 2F 1-2: Ball 2-2: Ball 3-2: SINGLE (Groundball, 56D) Juan Mercado to second
|
Batting: RHB José Avilés
|
0-0: Called Strike 0-1: Fly out, F9 (Line Drive, 9)
|
Batting: LHB Edward Cook
|
0-0: SINGLE (Line Drive, 6D) Juan Mercado to third Matt Taylor to second
|
Batting: RHB Kevin Harrington
|
0-0: Ball 1-0: Ball 2-0: Called Strike 2-1: DOUBLE (Flyball, 8LD) Juan Mercado scores Matt Taylor scores Edward Cook to third
|
Pitching: RHP Reynaldo Reyes
|
|
Batting: RHB Antony Jutras
|
0-0: Ball 1-0: Foul Ball, location: 2F 1-1: Foul Ball, location: 2F 1-2: Foul Ball, location: 2F 1-2: Ball 2-2: Strikes out swinging
|
Batting: LHB Clarence Sargent
|
0-0: Ball 1-0: Ball 2-0: Swinging Strike 2-1: Foul Ball, location: 2F 2-2: Strikes out looking
|
Top of the 9th over - 2 runs, 3 hits, 0 errors, 2 left on base; Coweta HS 10 - H.H. Dow HS 3 |
BOTTOM OF THE 9TH |
H.H. Dow HS Chargers batting - Pitching for Coweta HS Tigers : RHP Mike Kelly
|
Batting: SHB Bob Erwin
|
0-0: Ball 1-0: Ball 2-0: Ball 3-0: Called Strike 3-1: Foul Ball, location: 2F 3-2: Foul Ball, location: 2F 3-2: Ground out 4-3 (Groundball, 4)
|
Batting: RHB Daniel Webb
|
0-0: Ball 1-0: Ball 2-0: Ball 3-0: Base on Balls
|
Batting: RHB Don Bailey
|
0-0: Ball 1-0: Ball 2-0: Ball 3-0: Base on Balls Daniel Webb to second
|
Batting: LHB César Martínez
|
0-0: DOUBLE (Line Drive, 7D) Daniel Webb scores Don Bailey to third
|
Batting: RHB Dave Carter
|
0-0: Called Strike 0-1: Ball 1-1: Foul Ball, location: 2F 1-2: SINGLE (Groundball, 34D) Don Bailey scores César Martínez to third
|
Batting: RHB Edward Baker
|
0-0: Ball 1-0: Called Strike 1-1: Called Strike 1-2: Strikes out swinging
|
Batting: SHB Pete Thomas
|
0-0: Ball 1-0: Ball 2-0: Ball 3-0: Called Strike 3-1: Base on Balls Dave Carter to second
|
Pitching: LHP Gabe Boone
|
|
Batting: SHB Rudy Cox
|
0-0: Ground out 5-3 (Groundball, 56S)
|
Bottom of the 9th over - 2 runs, 2 hits, 0 errors, 3 left on base; Coweta HS 10 - H.H. Dow HS 5 |
|